 Dungeon Crawl Stone Soup version 0.29-a0-1052-g6990b1bffc (webtiles) character file.

Game seed: 12217455617286119697

368 Hubris850 the Ruffian (level 6, 0/62 HPs)
             Began as a Troll Berserker on Aug 17, 2022.
             Was a Priest of Trog.
             Succumbed to Dowan's poison
             ... on level 4 of the Dungeon.
             The game lasted 00:05:21 (2388 turns).

Hubris850 the Ruffian (Troll Berserker)             Turns: 2388, Time: 00:05:22

Health: 0/62       AC:  5    Str: 26    XL:     6   Next: 41%
Magic:  5/5        EV: 11    Int:  3    God:    Trog [***...]
Gold:   328        SH:  0    Dex: 17    Spells: 5/5 levels left

rFire   . . .      SeeInvis .     - Unarmed
rCold   . . .      Faith    .   (no shield)
rNeg    . . .      Spirit   .   a - +0 animal skin
rPois   .          Reflect  .   (helmet restricted)
rElec   .          Harm     .   i - +0 cloak
rCorr   .          Rampage  .   (gloves unavailable)
Will    .....                   (boots unavailable)
Stlth   ++........              (no amulet)
HPRegen 1.00/turn               e - +6 ring of dexterity
MPRegen 0.09/turn               (no ring)

@: lethally poisoned (0 -> -7), on berserk cooldown, hasted and slowed
A: large, unfitting armour, claws 3, regeneration 1, shaggy fur 1, tough skin 1
a: Renounce Religion, Berserk, Trog's Hand


You were on level 4 of the Dungeon.
You worshipped Trog.
Trog was most pleased with you.
You visited 1 branch of the dungeon, and saw 4 of its levels.

You collected 328 gold pieces.

Inventory:

Hand Weapons
 h - a +2 hand axe of flaming
Armour
 a - a +0 animal skin (worn)
 i - a +0 cloak (worn)
Jewellery
 e - a +6 ring of dexterity (left claw)
 g - the necklace of Bloodlust {*Rage Will++ Int-3 Slay+6}
   (You took it off a goblin on level 3 of the Dungeon)

   [amulet of nothing]

   It extends the wearer's berserk rage when killing foes.
   Int:       It affects your intelligence (-3).
   Slay:      It affects your accuracy & damage with ranged weapons and melee
   (+6).
   *Rage:     It berserks you when you make melee attacks (+50% chance).
   Will:      It greatly increases your willpower.
Scrolls
 b - 3 scrolls of identify {unknown}
 c - a scroll of immolation {unknown}
 d - 2 scrolls of poison {unknown}
 f - a scroll of blinking {unknown}
 k - 3 scrolls of amnesia {unknown}


   Skills:
 + Level 3.7 Fighting
 + Level 3.7 Dodging
 * Level 5.4 Unarmed Combat


You had 5 spell levels left.
You didn't know any spells.
Your spell library contained the following spells:

 Spells                   Type           Power      Damage    Failure   Level
 Alistair's Intoxication  Tmut/Pois      0%         N/A       100%        5
 Borgnjor's Vile Clutch   Necr/Erth      0%         N/A       100%        5
 Eringya's Noxious Bog    Tmut/Pois      0%         N/A       100%        6


Dungeon Overview and Level Annotations

Branches:
Dungeon (4/15)
 Temple: D:4-7

Altars:

Annotations:
D:4 Dowan


Innate Abilities, Weirdness & Mutations

You are too large for most types of armour.
You have claws for hands.
Your natural rate of healing is unusually fast.
You are covered in fur. (AC +1)
You have tough skin. (AC +1)


Message History

You are exhausted.
You feel yourself slow down.
You feel very sick.
Dowan hits you with a +2 dagger of venom.
You scratch Dowan but do no damage. You claw Dowan.
Dowan is lightly wounded.
You feel the effects of Trog's Hand fading.
You feel very sick.
Dowan hits you with a +2 dagger of venom.
You are more poisoned.
Dowan closely misses you.
You barely miss Dowan.
Dowan is lightly wounded.
You feel extremely sick.
Dowan hits you with a +2 dagger of venom.
You are more poisoned.
You scratch Dowan but do no damage.
Dowan is lightly wounded.
* * * LOW HITPOINT WARNING * * *
You feel extremely sick. Dowan barely misses you.
Dowan says, "How can I live without her?"
Dowan hits you with a +2 dagger of venom.
* * * LOW HITPOINT WARNING * * *
It was a potion of haste.
You feel yourself speed up.
* * * LOW HITPOINT WARNING * * *
You feel extremely sick.
Dowan hits you with a +2 dagger of venom.
* * * LOW HITPOINT WARNING * * *
Dowan gestures wildly while chanting.
Dowan blinks!
Dowan casts a spell at you. The stone arrow misses you.
* * * LOW HITPOINT WARNING * * *
You feel very sick. Dowan barely misses you.
You scratch Dowan but do no damage.
Dowan is lightly wounded.
Your skin stops crawling.
You feel less strong-willed.
You die...

.##..#.......#...#.....#
.#...#.......#...#.....#
.#.. #.......#...#.....#
.#.. #...[...#...#.....#
.# +.......+...#.....#
## #.......#...#.....#
## #.......#...#.....#
.# +.......#'###.....#
.# #.......)..@e.....#
.# #............#######
## #............#.....#
.# #......(†....#.....#
.# #............#.....#
.# #............#.....#
.# #............#.....##
.# #............###....#
## #######...........###


You could see Dowan (fast).

Vanquished Creatures
  Duvessa (D:4)
  A hound (D:4)
  An iguana (D:4)
  An orc wizard (D:3)
  3 gnolls (D:3)
  7 adders
  A worm (D:2)
  2 dart slugs
  5 orcs
  7 bats
  8 endoplasms
  6 giant cockroaches
  10 goblins
  5 hobgoblins
  3 quokkas
  9 ball pythons
  2 frilled lizards (D:1)
  5 kobolds
  6 rats
83 creatures vanquished.

Notes
Turn   | Place    | Note
-------+----------+-------------------------------------------
     0 | D:1      | Hubris850 the Troll Berserker began the quest for the Orb.
     0 | D:1      | Reached XP level 1. HP: 22/22 MP: 0/0
    72 | D:1      | Reached XP level 2. HP: 26/29 MP: 1/1
   589 | D:1      | Reached XP level 3. HP: 36/36 MP: 2/2
   825 | D:2      | Reached ** piety under Trog
   931 | D:2      | Found a faded altar of an unknown god.
  1221 | D:2      | Reached XP level 4. HP: 45/45 MP: 3/3
  1361 | D:3      | Reached skill level 4 in Unarmed Combat
  1651 | D:3      | Reached XP level 5. HP: 40/53 MP: 4/4
  1772 | D:3      | Reached *** piety under Trog
  2165 | D:4      | Reached skill level 5 in Unarmed Combat
  2370 | D:4      | Noticed Duvessa
  2370 | D:4      | Noticed Dowan
  2376 | D:4      | Killed Duvessa
  2377 | D:4      | Reached XP level 6. HP: 62/62 MP: 5/5
  2387 | D:4      | HP: 3/62 [poisoned by Dowan]
  2388 | D:4      | Succumbed to Dowan's poison

Illustrated notes

Levels and vault maps discovered:
D:1:      dpeg_arrival_renting, layout_basic, minmay_splitting_lines
D:2:      layout_basic, dreamdust_ecumenical_altar_grove, minmay_pentomino_w2
D:3:      layout_loops_ring, ebering_dispersal_statue_hall,
          kennysheep_cross_bottleneck
D:4:      layout_gridville, serial_shops, nicolae_diamond_shop, uniq_duvessa,
          uniq_grinder, uniq_pikel

Skill      XL: |  1  2  3  4  5 |
---------------+----------------+-----
Fighting       | 3 |  3.7
Dodging        | 3 |  3.7
Unarmed Combat | 4 5 |  5.4

Action                   |  1- 3 |  4- 6 || total
-------------------------+-------+-------++-------
Melee: Unarmed           |   119 |    96 ||   215
       Punch             |     2 |     5 ||     7
Invok: Berserk           |       |     1 ||     1
       Trog's Hand       |       |     1 ||     1
  Use: Potion            |       |     1 ||     1
 Stab: Sleeping          |     4 |     7 ||    11
Armor: Animal skin       |    48 |    11 ||    59
Dodge: Dodged            |    64 |    39 ||   103

Table legend: (Time is in decaauts)
 A = Elapsed time spent in this place.
 B = Non-inter-level travel time spent in this place.
 C = Inter-level travel time spent in this place.
 D = Time resting spent in this place.
 E = Time spent auto-exploring this place.
 F = Levels seen in this place.
 G = Mean time per level.
                   A        B        C        D        E       F      G
               +--------+--------+--------+--------+--------+-----+--------+
         Total |   2369 |   2278 |     91 |     33 |   1734 |   4 |  592.2 |
       Dungeon |   2369 |   2278 |     91 |     33 |   1734 |   4 |  592.2 |
               +--------+--------+--------+--------+--------+-----+--------+

Top non-repeatable levels by time:
     D:1: 810 daAuts
     D:3: 737 daAuts
     D:2: 514 daAuts
     D:4: 308 daAuts
